 Dungeon Crawl Stone Soup version 0.25-a0-517-gf8b3a32422 (webtiles) character file.

Game seed: 13609628364352399409, levelgen mode: deterministic

3453 EuronCrow the Destroyer (level 9, -6/45 HPs)
             Began as a Deep Elf Conjurer on Feb 17, 2020.
             Was an Initiate of Vehumet.
             Killed by nerve-wracking pain
             ... invoked by an orc priest
              (10 damage)
             ... on level 8 of the Dungeon.
             The game lasted 01:12:52 (8272 turns).

EuronCrow the Destroyer (Deep Elf Conjurer)         Turns: 8272, Time: 01:12:53

Health: -6/45      AC:  7    Str:  4 (7)  XL:     9   Next: 78%
Magic:  25/42      EV: 13    Int: 20 (22) God:    Vehumet [......]
Gold:   898        SH:  0    Dex: 13 (15) Spells: 7/26 levels left

rFire    . . .     SeeInvis .   A - staff of wizardry
rCold    . . .     Gourm    +   (no shield)
rNeg     . . .     Faith    .   B - +0 troll leather armour {Purgy}
rPois    .         Spirit   .   P - +0 helmet
rElec    .         Reflect  .   y - +0 cloak
rCorr    .         Harm     .   (no gloves)
MR       .....                  (no boots)
Stlth    ++........             d - amulet of the gourmand
HPRegen  0.55/turn              e - ring of magical power
MPRegen  0.28/turn              n - ring of magical power

@: no status effects
A: no striking features
a: Renounce Religion


You were on level 8 of the Dungeon.
You worshipped Vehumet.
Vehumet was noncommittal.
You were very full.

You visited 2 branches of the dungeon, and saw 9 of its levels.
You also visited: Sewer and Ossuary.

You collected 898 gold pieces.

Inventory:

Hand Weapons
 b - a +1 dagger of speed
 f - a +0 club
 E - a +0 spear
 L - a +0 club
 N - a cursed -1 trident
Armour
 a - a +0 robe
 y - a +0 cloak (worn)
 B - a +0 troll leather armour (worn) {Purgy}
 K - a +0 kite shield
 O - a +2 buckler
 P - a +0 helmet (worn)
Magical Staves
 A - an uncursed staff of wizardry (weapon)
Jewellery
 d - an amulet of the gourmand (around neck)
 e - a ring of magical power (left hand)
 h - an uncursed ring of protection from fire {unknown}
 n - a ring of magical power (right hand)
Wands
 x - a wand of paralysis (12)
 z - a wand of acid (6)
 J - a wand of digging (3)
 Q - a wand of iceblast (7)
Scrolls
 j - a scroll of random uselessness {unknown}
 k - 2 scrolls of teleportation
 l - 2 scrolls of immolation {unknown}
 m - 4 scrolls of remove curse
 o - 2 scrolls of noise
 q - 5 scrolls of magic mapping {unknown}
 r - 3 scrolls of enchant armour {unknown}
 v - 2 scrolls of identify
 D - 4 scrolls of amnesia {unknown}
 F - a scroll of blinking {unknown}
 G - 3 scrolls of fog {unknown}
Potions
 g - 8 potions of flight
 i - a potion of haste {unknown}
 p - a potion of heal wounds {unknown}
 s - 2 potions of ambrosia {unknown}
 t - 2 potions of mutation {unknown}
 u - a potion of might {unknown}
 w - a potion of cancellation {unknown}
 C - 3 potions of degeneration
 H - a potion of invisibility {unknown}
 I - 3 potions of brilliance {unknown}
 M - a potion of curing {unknown}
Comestibles
 c - 18 rations


   Skills:
 + Level 1.3 Throwing
 - Level 4.0 Armour
 - Level 5.5 Dodging
 - Level 2.4 Stealth
 * Level 1.6 Shields
 + Level 9.2 Spellcasting
 * Level 11.3 Conjurations
 + Level 1.4 Summonings
 + Level 1.2 Air Magic


You had 7 spell levels left.
You knew the following spells:

 Your Spells              Type           Power        Failure   Level  Hunger
a - Magic Dart            Conj           ####         1%          1    None
b - Searing Ray           Conj           ######       1%          2    None
c - Iskenderun's Mystic   Conj/Tloc      ####....     4%          4    ###....
d - Fulminant Prism       Conj/Hex       ####......   4%          4    ###....
e - Summon Lightning Spi  Summ/Air       ##......     28%         4    ###....
f - Summon Ice Beast      Ice/Summ       ##......     34%         4    ###....

Your spell library contained the following spells:

 Spells                   Type           Power        Failure   Level  Hunger
 Dazzling Flash           Conj/Hex       ####..       1%          3    None
 Summon Small Mammal      Summ           ###.         2%          1    None
 Call Imp                 Summ           ###.....     4%          2    None
 Call Canine Familiar     Summ           ###.....     9%          3    None
 Summon Guardian Golem    Hex/Summ       ##......     12%         3    None


Dungeon Overview and Level Annotations

Branches:
Dungeon (8/15)             Temple (1/1) D:7           Sewer (visited)
Ossuary (visited)
   Lair: D:8-11

Altars:
Ashenzari
Cheibriados
Dithmenos
Elyvilon
Fedhas
Gozag
Hepliaklqana
Kikubaaqudgha
Makhleb
Nemelex Xobeh
Ru
Sif Muna
Trog
Uskayaw
Vehumet
Wu Jian
Yredelemnul
The Shining One


Message History

The orc priest miscasts a cantrip.
Casting: Searing Ray (safe; 1% risk of failure)
Confirm with . or Enter, or press ? or * to list all spells.
Aiming: Searing Ray (safe; 1% risk of failure)
Press: ? - help, Shift-Dir - straight line, f - bullfrog, p - orc priest
Aim: a bullfrog The searing ray hits the gnoll!
You kill the gnoll!
Vehumet accepts your kill.
The searing ray hits the bullfrog.
The bullfrog is moderately wounded. (Press . to maintain the ray.)
The searing ray misses the bullfrog.
The bullfrog barely misses you.
It was a potion of degeneration.
There was something very wrong with that liquid.
You feel weakened.
You feel dopey.
You feel clumsy. The bullfrog closely misses you.
The orc priest invokes the aid of Beogh against you.
Pain shoots through your body!
You die...

...≈≈≈....##.########
..≈≈≈≈≈...<....^#
.#.≈≈≈≈.....#.####
...)........#.#
...g........#.#
...........##.#
.....).....##.#
#...Fo...##.#
#....@...##.#
##...#+#.# .......
#.# ....... #..
....... #### .......
....... .......


You could see a bullfrog, an orc priest and a gnoll.

Vanquished Creatures
  Grinder (D:3)
  Sigmund (D:3)
  Menkaure (D:4)
  3 orc warriors
  An ice beast (D:7)
  A sky beast (D:7)
  Purgy (D:4)
  A black bear (D:7)
  A phantom (D:5)
  3 ogres
  4 centaurs (D:6)
  2 bullfrogs
  2 gnoll sergeants (D:6)
  4 scorpions
  A howler monkey (D:6)
  2 crimson imps
  A bullfrog zombie (D:6)
  2 centaur zombies (Ossuary)
  4 orc priests
  Crazy Yiuf (D:3)
  5 hounds
  2 gnoll shamans (D:6)
  Terence (D:3)
  Ijyb (D:3)
  3 orc wizards
  3 worker ants
  3 big kobold zombies (Ossuary)
  3 hound skeletons
  2 mummies (Ossuary)
  4 gnolls
  7 adders
  4 oozes
  2 adder skeletons
  8 worms
  5 dart slugs
  7 leopard geckos
  18 orcs
  6 giant cockroaches
  5 gnoll zombies (Ossuary)
  8 goblins
  12 hobgoblins
  19 jackals
  4 quokkas
  2 ball pythons
  15 bats
  12 frilled lizards
  A giant cockroach zombie (D:5)
  4 goblin zombies
  A jackal skeleton (D:5)
  21 kobolds
  An orc zombie (Ossuary)
  A quokka skeleton (D:5)
  A quokka zombie (D:4)
  8 rats
236 creatures vanquished.

Vanquished Creatures (others)
  A worker ant (D:8)
  9 fulminant prisms
  A fungus (D:3)
11 creatures vanquished.

Grand Total: 247 creatures vanquished

Notes
Turn   | Place    | Note
-------+----------+-------------------------------------------
     0 | D:1      | EuronCrow the Deep Elf Conjurer began the quest for the
                  | Orb.
     0 | D:1      | Reached XP level 1. HP: 10/10 MP: 6/6
   400 | D:1      | Reached XP level 2. HP: 15/15 MP: 4/8
   530 | D:1      | Learned a level 2 spell: Searing Ray
   609 | D:1      | Reached skill level 5 in Conjurations
   707 | D:1      | Reached XP level 3. HP: 19/19 MP: 9/9
  1405 | D:2      | Reached XP level 4. HP: 24/24 MP: 11/11
  2201 | D:3      | Noticed Grinder
  2204 | D:3      | Paralysed by Grinder for 5 turns
  2214 | D:3      | Reached skill level 6 in Conjurations
  2214 | D:3      | Reached XP level 5. HP: 3/28 MP: 13/13
  2218 | D:3      | Killed Grinder
  2218 | D:3      | Reached skill level 5 in Spellcasting
  2218 | D:3      | Reached XP level 6. HP: 4/32 MP: 12/15
  2245 | D:3      | Reached skill level 7 in Conjurations
  2603 | D:3      | Found a blossoming altar of Fedhas.
  2604 | D:3      | Noticed Sigmund
  2633 | D:3      | Killed Sigmund
  2633 | D:3      | Reached XP level 7. HP: 36/36 MP: 17/17
  2640 | D:3      | Learned a level 4 spell: Iskenderun's Mystic Blast
  2645 | D:3      | Learned a level 4 spell: Fulminant Prism
  2848 | D:3      | Noticed Ijyb
  2856 | D:3      | Killed Ijyb
  2897 | D:3      | Found a runed translucent door.
  2898 | D:3      | Noticed Crazy Yiuf
  2911 | D:3      | Killed Crazy Yiuf
  2911 | D:3      | Reached skill level 5 in Dodging
  3320 | D:3      | Noticed Terence
  3328 | D:3      | Killed Terence
  3772 | D:4      | Noticed Purgy
  3779 | D:4      | Killed Purgy
  3779 | D:4      | Reached skill level 8 in Conjurations
  3826 | D:4      | Noticed Menkaure
  3835 | D:4      | Killed Menkaure
  3835 | D:4      | Reached skill level 1 in Armour
  3904 | D:4      | Found a sand-covered staircase.
  3922 | Ossuary  | Entered an ossuary
  3993 | Ossuary  | Reached XP level 8. HP: 41/41 MP: 19/19
  4387 | D:4      | Found a glowing golden altar of the Shining One.
  4633 | D:5      | Entered Level 5 of the Dungeon
  4677 | D:5      | Reached skill level 9 in Conjurations
  4745 | D:5      | Found a glowing drain.
  4774 | Sewer    | Entered a sewer
  5540 | D:5      | Found an ornate altar of the Wu Jian Council.
  5600 | D:5      | Found a shimmering blue altar of Sif Muna.
  6376 | D:6      | Reached XP level 9. HP: 45/45 MP: 22/22
  6534 | D:6      | Reached skill level 10 in Conjurations
  7138 | D:6      | Reached skill level 11 in Conjurations
  7600 | D:7      | Learned a level 4 spell: Summon Lightning Spire
  7605 | D:7      | Learned a level 4 spell: Summon Ice Beast
  7730 | D:7      | Reached skill level 1 in Throwing
  7730 | D:7      | Reached skill level 1 in Shields
  7730 | D:7      | Reached skill level 1 in Summonings
  7766 | D:7      | Found a staircase to the Ecumenical Temple.
  7776 | Temple   | Entered the Ecumenical Temple
  7800 | Temple   | Became a worshipper of Vehumet
  8135 | D:7      | Reached skill level 1 in Air Magic
  8267 | D:8      | HP: 1/45 [orc warrior/+0 hand axe (2)]
  8272 | D:8      | Killed from afar by an orc priest

Levels and vault maps discovered:
D:1:      eino_arrival_cavern_c, layout_basic
D:2:      layout_basic, hangedman_decor_peaks_small, eino_curves_01,
          minmay_pentomino_p2
D:3:      layout_basic, grunt_ministairs_4, fedhas_altar_3, uniq_sigmund,
          uniq_crazy_yiuf_cottage, uniq_terence, uniq_ijyb, uniq_grinder
D:4:      layout_rooms, enter_ossuary_4, tso_altar, uniq_menkaure, uniq_purgy
D:5:      layout_basic, overflow_temple_1_default, lemuel_crystal_altar,
          first_ration, cheibrodos_sewer_entry_bend, grunt_decor_resistance
D:6:      kennysheep_housing_project, layout_rooms
D:7:      layout_basic, minmay_temple_entry_wispy
D:8:      minmay_separated_statues, layout_basic, lair_entry_dummy,
          hangedman_little_slice_of_home, xom_confusion_cloud
Temple:   compressed_dpeg_circular_temple

Skill      XL: |  1  2  3  4  5  6  7  8  9 |
---------------+----------------------------+-----
Conjurations   | 5 6 7 8 9 11 | 11.3
Dodging        | 3 4 5 |  5.5
Spellcasting   | 4 5 6 7 9 |  9.2
Armour         | 1 3 4 |  4.0
Throwing       | 1 |  1.3
Shields        | 1 |  1.6
Summonings     | 1 |  1.4
Air Magic      | 1 |  1.2
Stealth        | |  2.4

Action                   |  1- 3 |  4- 6 |  7- 9 || total
-------------------------+-------+-------+-------++-------
Melee: Staff             |       |       |     1 ||     1
 Cast: Magic Dart        |    72 |    57 |   330 ||   459
       Searing Ray       |     5 |     5 |    52 ||    62
       Iskenderun's Myst |       |       |     7 ||     7
       Fulminant Prism   |       |       |     9 ||     9
  Use: Scroll            |       |       |     5 ||     5
       Potion            |       |       |     2 ||     2
  Eat: Chunk             |     3 |     2 |    28 ||    33
Armor: Robe              |     3 |     2 |     3 ||     8
       Troll leather arm |       |       |    19 ||    19
Dodge: Dodged            |    10 |     4 |    87 ||   101

Table legend:
 A = Non-vault XP
 B = Vault XP
 C = Vault XP percentage of total XP
 D = Non-vault monster count
 E = Vault monster count
 F = Vault count percentage of total count
                 A         B        C        D         E       F
            +---------+---------+-------+---------+---------+-------
      Total |    2800 |    2133 |  43.2 |     148 |      88 |  37.3
            +---------+---------+-------+---------+---------+-------
        D:1 |      57 |       0 |   0.0 |      31 |       0 |   0.0
        D:2 |      69 |      16 |  18.8 |      23 |       2 |   8.0
        D:3 |     113 |     620 |  84.6 |      24 |       7 |  22.6
        D:4 |     338 |     297 |  46.8 |      16 |       4 |  20.0
        D:5 |     424 |      10 |   2.3 |      20 |       2 |   9.1
        D:6 |     890 |     895 |  50.1 |      22 |      30 |  57.7
        D:7 |     656 |       0 |   0.0 |       8 |       0 |   0.0
        D:8 |     253 |       0 |   0.0 |       4 |       0 |   0.0
      Sewer |       0 |      77 | 100.0 |       0 |      27 | 100.0
    Ossuary |       0 |     218 | 100.0 |       0 |      16 | 100.0
            +---------+---------+-------+---------+---------+-------
